 Dungeon Crawl Stone Soup version 0.26.1-11-gd32895ea62 (webtiles) character file.

Game seed: 8896344813857673910

5213 Neresar the Basher (level 10, -3/61 HPs)
             Began as a Gargoyle Fighter on Apr 23, 2021.
             Slain by a blink frog (11 damage)
             ... on level 1 of the Lair of Beasts.
             The game lasted 01:10:17 (6361 turns).

Neresar the Basher (Gargoyle Fighter)               Turns: 6361, Time: 01:10:18

Health: -3/61      AC: 19    Str: 24    XL:     10   Next: 61%
Magic:  10/10      EV:  8    Int:  8    God:
Gold:   93         SH: 12    Dex:  9    Spells: 9/9 levels left

rFire    . . .     SeeInvis .   s - +2 mace (vorpal)
rCold    + . .     Faith    .   c - +0 kite shield
rNeg     + . .     Spirit   .   r - +0 chain mail
rPois    ∞         Reflect  .   q - +0 helmet
rElec    +         Harm     .   (no cloak)
rCorr    .         Rampage  .   (no gloves)
Will     .....                  (no boots)
Stlth    ..........             t - amulet of the acrobat
HPRegen  0.20/turn              f - ring of protection from cold
MPRegen  0.12/turn              (no ring)

@: no status effects
A: negative energy resistance 1, electricity resistance, unbreathing,
petrification resistance, miasma immunity, AC +7
a: no special abilities


You were on level 1 of the Lair of Beasts.
You visited 2 branches of the dungeon, and saw 10 of its levels.

You collected 93 gold pieces.

Inventory:

Hand Weapons
 s - a +2 vorpal mace (weapon)
Armour
 c - a +0 kite shield (worn)
 q - a +0 helmet (worn)
 r - a +0 chain mail (worn)
Jewellery
 f - a ring of protection from cold (left hand)
 g - a cursed amulet of inaccuracy {unknown}
 t - an amulet of the acrobat (around neck)
Scrolls
 b - a scroll of identify {unknown}
 e - 4 scrolls of remove curse {unknown}
 h - a scroll of immolation {unknown}
 u - a scroll of magic mapping {unknown}
Potions
 a - a potion of curing {unknown}
 d - a potion of might
 i - a potion of brilliance {unknown}
 k - a potion of heal wounds {unknown}
 l - a potion of haste {unknown}
 m - 2 potions of mutation {unknown}
 n - a potion of lignification {unknown}
 o - a potion of invisibility {unknown}
 p - a potion of cancellation {unknown}


   Skills:
 + Level 6.8 Fighting
 + Level 9.8 Maces & Flails
 + Level 7.3 Armour
 + Level 2.8 Dodging
 + Level 9.6 Shields


You had 9 spell levels left.
You didn't know any spells.
Your spell library was empty.

Dungeon Overview and Level Annotations

Branches:
Dungeon (10/15)            Temple (0/1) D:4            Lair (1/6) D:8
    Orc: D:9-12

Altars:
Cheibriados
Sif Muna
Vehumet
Wu Jian
Xom

Shops:
D:8 ?

Annotations:
D:9 Maurice
Lair:1 exclusion: oklob plant


Innate Abilities, Weirdness & Mutations

You are resistant to torment.
Your stone body is resilient. (AC +7)
You are immune to poison.
You resist negative energy. (rN+)
You are resistant to electric shocks. (rElec)
You can survive without breathing.
You are immune to petrification.
You are immune to miasma.


Message History

The blink frog is severely wounded.
You block the blink frog's attack. x2
The blink frog hits you but does no damage.
The blink frog barely misses you.
You hit the blink frog.
The blink frog is severely wounded.
The blink frog hits you but does no damage.
You block the blink frog's attack.
You hit the blink frog.
The blink frog is severely wounded.
The blink frog barely misses you.
You barely miss the blink frog.
The blink frog is severely wounded.
The blink frog hits you!
* * * LOW HITPOINT WARNING * * *
You block the blink frog's attack.
You thump the blink frog!
You kill the blink frog!
The blink frog hits you!
You die...

⌠# .# .### ### ... #.. .. #..#.
F...... #...## ....... ..
#....# ...... #..
##.@#####...###... ..
..###FF##.#.⌠.....## ######P.
$...........#...#..... ........
......................
...............................
...............................
...............................
...........##.##.#......#P##..#
<.........########......### ##


You could see 2 blink frogs.

Vanquished Creatures
  A queen ant (D:9)
  Pikel (D:9)
  Psyche (D:9)
  A cane toad (Lair:1)
  2 blink frogs (Lair:1)
  A wraith (D:9)
  4 soldier ants (D:9)
  4 ice beasts
  A black bear (Lair:1)
  2 sky beasts
  4 ogres
  2 centaurs (D:8)
  A big kobold (D:5)
  4 bullfrogs
  A wyvern skeleton (D:10)
  A water moccasin zombie (D:8)
  A howler monkey (D:8)
  A bullfrog zombie (D:5)
  A hound (D:5)
  5 orc wizards
  3 orc priests
  A centaur skeleton (D:8)
  A gnoll shaman (D:4)
  2 bullfrog skeletons
  2 iguanas
  Jessica (D:2)
  16 worker ants
  10 gnolls
  A howler monkey skeleton (D:4)
  6 adders
  2 shadow imps
  A white imp (D:5)
  2 oozes (D:5)
  An adder zombie (D:5)
  3 dart slugs
  2 leopard geckos (D:2)
  31 orcs
  6 bats
  7 giant cockroaches
  6 goblins
  10 hobgoblins
  11 jackals
  3 quokkas
  A ball python (D:2)
  6 frilled lizards
  25 kobolds
  A quokka zombie (D:8)
  6 rats
206 creatures vanquished.

Vanquished Creatures (others)
  2 fungi (Lair:1)
  66 plants
68 creatures vanquished.

Grand Total: 274 creatures vanquished

Notes
Turn   | Place    | Note
-------+----------+-------------------------------------------
     0 | D:1      | Neresar the Gargoyle Fighter began the quest for the Orb.
     0 | D:1      | Reached XP level 1. HP: 14/14 MP: 1/1
   236 | D:1      | Reached XP level 2. HP: 19/19 MP: 2/2
   813 | D:2      | Reached XP level 3. HP: 24/24 MP: 3/3
   820 | D:2      | Noticed Jessica
   826 | D:2      | Killed Jessica
   832 | D:2      | Reached XP level 4. HP: 29/29 MP: 4/4
   838 | D:2      | Found an ornate altar of the Wu Jian Council.
  1370 | D:3      | Reached XP level 5. HP: 29/33 MP: 5/5
  1401 | D:3      | Reached skill level 1 in Dodging
  1518 | D:3      | Reached XP level 6. HP: 35/38 MP: 6/6
  2065 | D:4      | Found a staircase to the Ecumenical Temple.
  2368 | D:5      | Entered Level 5 of the Dungeon
  2396 | D:5      | Reached skill level 5 in Shields
  2396 | D:5      | Reached XP level 7. HP: 41/43 MP: 7/7
  2578 | D:5      | Reached skill level 5 in Maces & Flails
  2910 | D:5      | Found a shimmering blue altar of Sif Muna.
  3086 | D:6      | Reached XP level 8. HP: 48/48 MP: 8/8
  3165 | D:6      | Found a shimmering altar of Xom.
  3167 | D:6      | Found a snail-covered altar of Cheibriados.
  3169 | D:6      | Found a radiant altar of Vehumet.
  3196 | D:6      | You fall into a shaft and drop 3 floors!
  3219 | D:9      | Noticed Pikel
  3228 | D:9      | Killed Pikel
  3229 | D:9      | Reached skill level 5 in Fighting
  3229 | D:9      | Reached skill level 5 in Armour
  3272 | D:9      | Noticed Maurice
  3796 | D:9      | Reached XP level 9. HP: 54/54 MP: 9/9
  3859 | D:9      | Noticed a queen ant
  3899 | D:9      | Killed a queen ant
  4510 | D:9      | Reached XP level 10. HP: 45/60 MP: 10/10
  4633 | D:10     | Entered Level 10 of the Dungeon
  5044 | D:8      | Noticed Psyche
  5078 | D:9      | Killed Psyche
  5448 | D:8      | Found a staircase to the Lair.
  5453 | D:8      | Found Huzuts's Magic Scroll Shoppe.
  5956 | D:8      | Noticed a deep elf mage
  5996 | Lair:1   | Entered Level 1 of the Lair of Beasts
  5996 | Lair:1   | Noticed a cane toad
  5998 | Lair:1   | Noticed a cane toad
  6007 | Lair:1   | Killed a cane toad
  6295 | Lair:1   | Noticed an oklob plant
  6361 | Lair:1   | Slain by a blink frog

Illustrated notes

Levels and vault maps discovered:
D:1:      dpeg_arrival_circle_labyrinth_c, layout_loops_ring, patterned_corridor
D:2:      layout_basic, lemuel_crystal_altar, uniq_crazy_yiuf_cottage,
          uniq_jessica
D:3:      layout_loops_corners
D:4:      layout_loops_ring, minmay_temple_entry_junction,
          hangedman_abyss_or_decor_stagger
D:5:      kennysheep_kobold_camp, layout_basic, basic_altar
D:6:      layout_layer_cave, grunt_temple_overflow_open, minivault_25,
          kennysheep_windowed_goal
D:8:      layout_gridville, lair_entry_dummy, serial_shops, shop_scrolls,
          guppyfry_early_elven_hall, uniq_psyche
D:9:      layout_roguey, serial_rivers, chequers_serial_rivers_marsh,
          chequers_serial_rivers_micro_b, chequers_serial_rivers_small_3,
          chequers_serial_rivers_room_a, chequers_serial_rivers_marsh,
          chequers_serial_rivers_marsh, minmay_another_anthill, uniq_maurice,
          uniq_pikel
D:10:     layout_basic, special_room [special_room_orc], serial_shops, shop,
          ebering_ghost_inner_flame, uniq_erica
Lair:1:   layout_regular_city, ebering_ghost_xom, infiniplex_staircase_pool,
          grunt_megastairs_5, serial_bayou_shore_b, minmay_lair_oklob_chamber

Skill      XL: |  1  2  3  4  5  6  7  8  9 10 |
---------------+-------------------------------+-----
Fighting       | 4 5 6 |  6.8
Maces & Flails | 3 4 5 7 9 |  9.8
Shields        | 4 5 6 7 8 9 |  9.6
Dodging        | 1 2 |  2.8
Armour         | 4 5 6 7 |  7.3

Action                   |  1- 3 |  4- 6 |  7- 9 | 10-12 || total
-------------------------+-------+-------+-------+-------++-------
Melee: Flail             |    82 |    48 |       |       ||   130
       Mace              |       |   173 |   429 |   231 ||   833
       Hand axe          |       |     7 |       |       ||     7
Armor: Scale mail        |    28 |       |       |       ||    28
       Chain mail        |    36 |   170 |   284 |   189 ||   679
Dodge: Dodged            |    31 |    72 |   116 |   108 ||   327
Block: Kite shield       |    42 |   150 |   257 |   187 ||   636
